 Dungeon Crawl Stone Soup version 0.19.0-11-g3fc08b3 (webtiles) character file.

475 tsouns the Conjurer (level 7, -18/36 HPs)
             Began as a Tengu Fire Elementalist on Nov 8, 2016.
             Was an Initiate of Vehumet.
             Hit by a tomahawk thrown by an orc warrior (21 damage)
             ... on level 4 of the Dungeon.
             The game lasted 00:11:37 (4628 turns).

tsouns the Conjurer (Tengu Fire Elementalist)       Turns: 4628, Time: 00:11:38

Health: -18/36     AC:  2    Str:  8    XL:     7   Next: 10%
Magic:  9/14       EV: 12    Int: 18    God:    Vehumet [......]
Gold:   118        SH:  0    Dex: 14    Spells: 4 memorised, 4 levels left

rFire  + . .     SeeInvis .     E - +1 trident
rCold  . . .     Gourm    .     a - +0 robe
rNeg   + . .     Faith    .     (no shield)
rPois  .         Spirit   .     w - +0 hat
rElec  .         Reflect  .     (no cloak)
rCorr  .         Harm     .     (no gloves)
MR     .....                    (boots unavailable)
Stlth  ++........               (no amulet)
                                h - ring of protection from fire
                                k - ring of positive energy

@: no status effects
A: beak, talons 3, able to fly 1
a: Fly, Renounce Religion


You were on level 4 of the Dungeon.
You worshipped Vehumet.
Vehumet was noncommittal.
You were not hungry.

You visited 2 branches of the dungeon, and saw 5 of its levels.

You collected 118 gold pieces.

Inventory:

Hand Weapons
 E - a +1 trident (weapon)
Missiles
 d - 195 stones
 l - 6 javelins (quivered)
Armour
 a - a +0 robe (worn)
 w - a +0 hat (worn)
Jewellery
 h - a ring of protection from fire (right hand)
 k - a ring of positive energy (left hand)
 u - an uncursed ring of see invisible
Wands
 r - a wand of lightning (15/15)
Scrolls
 e - a scroll of recharging
 f - 2 scrolls of remove curse
 i - 2 scrolls of teleportation
Potions
 g - a potion of flight
 j - 3 potions of curing
 n - 2 potions of heal wounds
 o - a potion of berserk rage
 p - a potion of mutation
 s - 2 potions of cure mutation
 t - 3 potions of might
 x - a potion of haste
 z - a potion of degeneration
 C - a potion of cancellation {unknown}
 D - a potion of resistance {unknown}
Books
 b - a book of Flames

   Spells                             Type                      Level
   a - Flame Tongue                   Conjuration/Fire             1
   b - Throw Flame                    Conjuration/Fire             2
   c - Conjure Flame                  Conjuration/Fire             3
   d - Inner Flame                    Hexes/Fire                   3
   e - Sticky Flame                   Conjuration/Fire             4
   f - Fireball                       Conjuration/Fire             5
Comestibles
 c - 3 bread rations


   Skills:
 - Level 2.1 Dodging
 - Level 2.0 Stealth
 + Level 4.1 Spellcasting
 + Level 5.8 Conjurations
 + Level 5.4 Fire Magic


You had 4 spell levels left.
You knew the following spells:

 Your Spells              Type           Power        Failure   Level  Hunger
a - Flame Tongue          Conj/Fire      ###..        1%          1    None
b - Throw Flame           Conj/Fire      ###...       1%          2    ##.....
c - Conjure Flame         Conj/Fire      ###.....     4%          3    ###....
d - Sticky Flame          Conj/Fire      ###.....     17%         4    ####...


Dungeon Overview and Level Annotations

Branches:
Dungeon (4/15)             Temple (1/1) D:4

Altars:
Ashenzari
Cheibriados
Dithmenos
Elyvilon
Fedhas
Gozag
Hepliaklqana
Kikubaaqudgha
Makhleb
Nemelex Xobeh
Okawaru
Qazlal
Ru
Sif Muna
Trog
Uskayaw
Vehumet
Xom
Yredelemnul
Zin
The Shining One


Innate Abilities, Weirdness & Mutations

You have a beak for a mouth.
You have claws for feet.
You can fly.


Message History

The puff of flame hits the orc.
You kill the orc!
Vehumet accepts your kill.
Casting: Throw Flame
Confirm with . or Enter, or press ? or * to list all spells.
Aiming: Flame Tongue
Press: ? - help, Shift-Dir - straight line, f - orc warrior
Aim: an orc warrior, wielding a halberd and wearing a plate armour The flame tongue hits the orc warrior.
The orc warrior is lightly wounded.
The orc warrior throws a tomahawk.
The tomahawk hits you.
You see here a tomahawk.
The orc warrior throws a tomahawk.
The tomahawk hits you!
An orc priest comes into view. It is wielding a flail.
The orc warrior throws a tomahawk.
The tomahawk hits you!
* * * LOW HITPOINT WARNING * * *
You see here a tomahawk.
The orc warrior throws a tomahawk.
The tomahawk hits you!!
Ouch! That really hurt!
You die...

#.###...................# #.#
#.......#........##.###.###.#
#######.#####.#####.......#.#
#.# ##'## #.........# #.#
##...## #.###.....#
#.###.....###.# ###.#.# ##.
#.##.......##.###.#.#.#
#...##.#.........#.##....#.#
.............@...'.......#.#
#.)...o.(.(......####...##.#
##o###.#........## ##.###.#
#.#.#.....## ### #.#
..#.##...## ##.# ####(###'##
#..# #.# #.# #.## ..# #.# #.#
#####.#### #.#


You could see an orc warrior.

Vanquished Creatures
  A bullfrog skeleton (D:4)
  3 orc priests (D:3)
  2 hounds (D:4)
  Jessica (D:2)
  A worker ant (D:4)
  An orc wizard (D:3)
  7 gnolls (D:2)
  4 adders
  An ooze (D:2)
  An adder skeleton (D:4)
  4 worms
  A dart slug (D:1)
  3 leopard geckos
  5 orcs
  A ball python (D:4)
  10 bats
  2 giant cockroaches (D:2)
  4 goblins
  8 hobgoblins
  13 jackals
  4 quokkas
  2 frilled lizards
  8 kobolds
  A quokka skeleton (D:4)
  6 rats
94 creatures vanquished.

Notes
Turn   | Place    | Note
-------+----------+-------------------------------------------
     0 | D:1      | tsouns the Tengu Fire Elementalist began the quest for the Orb.
     0 | D:1      | Reached XP level 1. HP: 10/10 MP: 4/4
   206 | D:1      | Reached XP level 2. HP: 15/15 MP: 4/6
   210 | D:1      | Learned a level 2 spell: Throw Flame
   817 | D:1      | Reached XP level 3. HP: 19/19 MP: 4/7
  1225 | D:2      | Noticed Jessica
  1669 | D:1      | Learned a level 3 spell: Conjure Flame
  1673 | D:2      | Reached XP level 4. HP: 12/24 MP: 5/9
  2281 | D:2      | Gained mutation: You can fly. [Tengu growth]
  2281 | D:2      | Reached XP level 5. HP: 28/28 MP: 3/10
  2642 | D:2      | Killed Jessica
  3307 | D:3      | Reached XP level 6. HP: 13/32 MP: 0/12
  3548 | D:3      | Reached skill level 5 in Conjurations
  3548 | D:3      | Reached skill level 5 in Fire Magic
  3919 | D:3      | Learned a level 4 spell: Sticky Flame
  4101 | D:4      | Reached XP level 7. HP: 17/36 MP: 0/14
  4253 | D:4      | Found a staircase to the Ecumenical Temple.
  4265 | Temple   | Entered the Ecumenical Temple
  4358 | Temple   | Became a worshipper of Vehumet
  4628 | D:4      | Hit by a tomahawk thrown by an orc warrior

Skill      XL: |  1  2  3  4  5  6 |
---------------+-------------------+-----
Conjurations   | 2 3 4 5 |  5.8
Fire Magic     | 4 5 |  5.4
Spellcasting   | 3 4 |  4.1
Dodging        | |  2.1
Stealth        | |  2.0

Action                   |  1- 3 |  4- 6 |  7- 9 || total
-------------------------+-------+-------+-------++-------
Melee: Unarmed           |     4 |       |       ||     4
       Kick              |     1 |     3 |       ||     4
       Spear             |       |    24 |       ||    24
       Peck              |       |     2 |       ||     2
       Trident           |       |     3 |     1 ||     4
 Cast: Flame Tongue      |    65 |   101 |     6 ||   172
       Throw Flame       |     2 |    24 |     6 ||    32
       Conjure Flame     |       |     2 |       ||     2
       Sticky Flame      |       |     3 |     1 ||     4
  Use: Scroll            |       |    17 |     1 ||    18
 Stab: Sleeping          |       |       |     1 ||     1
  Eat: Chunk             |     3 |     9 |     2 ||    14
Armor: Robe              |     4 |     3 |       ||     7
Dodge: Dodged            |    29 |    34 |       ||    63
